 Dungeon Crawl Stone Soup version 0.21.1-1-g345015f (webtiles) character file.

36 Kairos the Gusty (level 3, 0/26 HPs)
             Began as a Hill Orc Air Elementalist on Mar 27, 2018.
             Slain by an orc wizard
             ... wielding a +0 dagger
              (4 damage)
             ... on level 4 of the Dungeon.
             The game lasted 00:04:23 (1470 turns).

Kairos the Gusty (Hill Orc Air Elementalist)        Turns: 1470, Time: 00:04:24

Health: 0/26       AC:  3    Str: 11    XL:     3   Next: 37%
Magic:  1/5        EV: 11    Int: 15    God:
Gold:   71         SH:  0    Dex: 11    Spells: 4/5 levels left

rFire    + . .     SeeInvis .   q - +0 whip
rCold    x . .     Gourm    .   m - +1 buckler {rN+}
rNeg     + . .     Faith    .   a - +0 robe
rPois    .         Spirit   .   n - +0 helmet
rElec    .         Reflect  .   (no cloak)
rCorr    .         Harm     .   (no gloves)
MR       .....                  (no boots)
Stlth    +.........             (no amulet)
HPRegen  0.08/turn              l - ring of fire
MPRegen  0.09/turn              (no ring)

@: confused, very slightly contaminated
A: no striking features
a: no special abilities


You were on level 4 of the Dungeon.
You were hungry.

You visited 1 branch of the dungeon, and saw 3 of its levels.

You collected 71 gold pieces.

Inventory:

Hand Weapons
 e - a +0 club
 q - a +0 whip (weapon)
Missiles
 g - 3 tomahawks (quivered)
Armour
 a - a +0 robe (worn)
 m - a +1 buckler of positive energy (worn)
 n - a +0 helmet (worn)
Jewellery
 l - a ring of fire (left hand)
Scrolls
 d - a scroll of remove curse {unknown}
 f - 2 scrolls of identify {unknown}
 j - a scroll of blinking {unknown}
 k - 3 scrolls of enchant armour {unknown}
 o - a scroll of immolation {unknown}
 p - a scroll of fog {unknown}
 r - a scroll of magic mapping {unknown}
 s - a scroll of random uselessness {unknown}
Potions
 h - 2 potions of berserk rage {unknown}
 i - 2 potions of lignification {unknown}
 t - a potion of mutation {unknown}
Books
 b - a book of Air

   Spells                             Type                      Level
   a - Shock                          Conjuration/Air              1
   b - Swiftness                      Charms/Air                   2
   c - Static Discharge               Conjuration/Air              3
   d - Airstrike                      Air                          4
   e - Lightning Bolt                 Conjuration/Air              5
Comestibles
 c - 3 rations


   Skills:
 + Level 0.1 Fighting
 + Level 0.3 Maces & Flails
 + Level 1.8 Dodging
 + Level 1.6 Stealth
 + Level 1.8 Spellcasting
 + Level 1.2 Conjurations
 + Level 3.0 Air Magic


You had 4 spell levels left.
You knew the following spells:

 Your Spells              Type           Power        Failure   Level  Hunger
a - Shock                 Conj/Air       #...         16%         1    ##.....


Dungeon Overview and Level Annotations

Branches:
Dungeon (2/15)

Altars:


Message History

* * * LOW HITPOINT WARNING * * *
Something hits you but does no damage.
You finish putting on your +1 buckler of positive energy.
You feel more protected from negative energy.
You bump into the rock wall.
The orc wizard hits you with a dagger.
* * * LOW HITPOINT WARNING * * *
You hear some strange, mumbled words.
You are more confused.
You closely miss the orc wizard.
The orc wizard is moderately wounded.
The orc wizard hits you with a dagger.
* * * LOW HITPOINT WARNING * * *
Something hits you but does no damage.
Unknown command.
You're too confused!
You miss the orc wizard.
The orc wizard is moderately wounded.
The orc wizard gestures at you while chanting.
You resist with significant effort. Something hits you.
You die...

###
..#
#.#
#.#
#.#
#o#
#.#
#@#
#o#
#.#
#.#
#.#
#.#
#..
##.


You could see an orc wizard and an orc.

Vanquished Creatures
  An adder (D:2)
  A worm (D:2)
  2 leopard geckos
  A giant cockroach (D:1)
  A goblin (D:1)
  3 jackals (D:1)
  4 kobolds (D:1)
  4 bats
  3 frilled lizards (D:1)
  4 rats (D:1)
24 creatures vanquished.

Notes
Turn   | Place    | Note
-------+----------+-------------------------------------------
     0 | D:1      | Kairos the Hill Orc Air Elementalist began the quest for the Orb.
     0 | D:1      | Reached XP level 1. HP: 14/14 MP: 3/3
   257 | D:1      | Reached XP level 2. HP: 17/20 MP: 0/4
   982 | D:2      | Reached skill level 3 in Air Magic
   985 | D:2      | Reached XP level 3. HP: 22/26 MP: 0/5
  1456 | D:2      | You fall through a shaft for 2 floors!
  1470 | D:4      | Slain by an orc wizard

Skill      XL: |  1  2 |
---------------+-------+-----
Air Magic      | 3 |  3.0
Fighting       | |  0.1
Maces & Flails | |  0.3
Dodging        | |  1.8
Stealth        | |  1.6
Spellcasting   | |  1.8
Conjurations   | |  1.2

Action                   || total
-------------------------++-------
Melee: Dagger            ||     5
       Club              ||    11
       Whip              ||    10
 Cast: Shock             ||    38
  Eat: Chunk             ||     2
Armor: Robe              ||    20
Dodge: Dodged            ||    44
